 Dungeon Crawl Stone Soup version 0.18-a0-987-g0b0e4e7 (webtiles) character file.

73 tof the Insei (level 4, -3/35 HPs)
             Began as a Demonspawn Monk on Jan 3, 2016.
             Slain by tof's ghost (4 damage)
             ... on level 3 of the Dungeon.
             The game lasted 00:04:32 (1802 turns).

tof the Insei (Demonspawn Monk)                     Turns: 1802, Time: 00:04:32

Health: -3/35      AC:  3    Str: 11    XL:     4   Next: 8%
Magic:  4/4        EV: 14    Int: 11    God:
Gold:   160        SH:  0    Dex: 17    Spells: 0 memorised, 3 levels left

rFire  . . .     SeeInvis .     d - +2 short sword (distort)
rCold  . . .     Gourm    .     a - +0 robe
rNeg   . . .     Faith    .     (no shield)
rPois  .         Spirit   .     (helmet restricted)
rElec  .         Dismiss  .     (no cloak)
rCorr  .         Reflect  .     (no gloves)
SustAt .         Harm     .     i - +0 pair of boots
MR     .....                    (no amulet)
Stlth  ++........               (no ring)
                                (no ring)

@: not resistant to hostile enchantments, unstealthy
A: horns 2
a: no special abilities


You were on level 3 of the Dungeon.
You were not hungry.

You visited 1 branch of the dungeon, and saw 3 of its levels.

You collected 160 gold pieces.

Inventory:

Hand Weapons
 d - a +2 short sword of distortion (weapon)
Missiles
 c - 7 poisoned needles
Armour
 a - a +0 robe (worn)
 i - a +0 pair of boots (worn)
Scrolls
 e - a scroll of fear {unknown}
 h - a scroll of amnesia {unknown}
 j - a scroll of remove curse {unknown}
 l - a scroll of teleportation {unknown}
 n - a scroll of magic mapping {unknown}
Potions
 g - a potion of brilliance {unknown}
 k - a potion of ambrosia {unknown}
 m - a potion of cure mutation {unknown}
 o - a potion of might {unknown}
 p - a potion of heal wounds {unknown}
Comestibles
 b - 2 bread rations
 f - 3 chunks of flesh


   Skills:
 + Level 3.4 Fighting
 + Level 0.3 Short Blades
 + Level 3.4 Dodging
 + Level 2.1 Stealth
 + Level 4.1 Unarmed Combat


You had 3 spell levels left.
You didn't know any spells.

Dungeon Overview and Level Annotations

Branches:
Dungeon (3/15)

Altars:

Annotations:
D:3 tof's ghost, amateur DsMo


Innate Abilities, Weirdness & Mutations

You have a pair of horns on your head.


Message History

Tof's ghost is severely damaged.
Tof's ghost hits you.
You miss tof's ghost.
Tof's ghost is severely damaged.
Tof's ghost closely misses you.
You closely miss tof's ghost.
Tof's ghost is severely damaged.
Tof's ghost completely misses you.
You barely miss tof's ghost.
Tof's ghost is severely damaged.
Tof's ghost hits you.
* * * LOW HITPOINT WARNING * * *
You miss tof's ghost.
Tof's ghost is severely damaged.
Tof's ghost hits you.
* * * LOW HITPOINT WARNING * * *
You closely miss tof's ghost. Your headbutt misses tof's ghost.
Tof's ghost is severely damaged.
Tof's ghost hits you.
You die...

##.......## ##.###.#
###.........####...##.#
.'.........'.......#.#
#.........####...##.#
#..[....## ##.###.#
##.....## ### #.#
##...## #.# ##'## ###
#.# #@# ##.## #.# #W#
##...###.# # #####.##
#........# .........##
##...##### ..
#.....######.##
#.##...........#
.##.........###..#
.......÷)##......#
#######÷.######.##


You could see tof's ghost.

Vanquished Creatures
  2 adders (D:3)
  An ooze (D:2)
  2 giant geckos (D:2)
  4 bats
  A giant cockroach (D:1)
  4 goblins
  10 hobgoblins
  9 jackals
  A ball python (D:2)
  A giant newt (D:3)
  5 kobolds
  4 rats
44 creatures vanquished.

Notes
Turn   | Place    | Note
--------------------------------------------------------------
     0 | D:1      | tof the Demonspawn Monk began the quest for the Orb.
     0 | D:1      | Reached XP level 1. HP: 18/18 MP: 1/1
   331 | D:1      | Gained mutation: You have a pair of small horns on your head. [demonic ancestry]
   331 | D:1      | Reached XP level 2. HP: 21/24 MP: 2/2
  1182 | D:2      | Reached skill level 4 in Unarmed Combat
  1183 | D:2      | Gained mutation: You have a pair of horns on your head. [demonic ancestry]
  1183 | D:2      | Reached XP level 3. HP: 29/29 MP: 3/3
  1683 | D:3      | Reached XP level 4. HP: 35/35 MP: 4/4
  1732 | D:3      | Noticed tof's ghost (amateur DsMo)
  1801 | D:3      | HP: 1/35 [tof's ghost (6)]
  1802 | D:3      | Slain by tof's ghost

Vault maps used:
D:1:      elethiomel_arrival_maze
D:3:      uniq_grinder, uniq_jessica, uniq_natasha

Action                   |  1- 3 |  4- 6 || total
-------------------------+-------+-------++-------
Melee: Unarmed           |    12 |       ||    12
       Short sword       |    79 |    24 ||   103
 Stab: Sleeping          |     3 |       ||     3
  Eat: Chunk             |     2 |     1 ||     3
